 Dungeon Crawl Stone Soup version 0.29-a0-88-g03a7b78be7 (webtiles) character file.

Game seed: 1207100836655469470

606 enile the Covert (level 7, -8/32 HPs)
             Began as a Felid Delver on Feb 5, 2022.
             Was a Priest of Vehumet.
             Mangled by a two-headed ogre (25 damage)
             ... on level 10 of the Dungeon.
             The game lasted 00:29:04 (12235 turns).

enile the Covert (Felid Delver)                    Turns: 12235, Time: 00:29:05

Health: -8/32      AC:  6    Str:  8    XL:     7   Next: 19%
Magic:  7/12       EV: 21    Int: 12    God:    Vehumet [***...]
Gold:   306        SH:  0    Dex: 19    Spells: 6/12 levels left
                                        Lives:  0   Deaths: 2

rFire   . . .      SeeInvis +     - Unarmed
rCold   . . .      Faith    .   (shield unavailable)
rNeg    . . .      Spirit   .   (armour unavailable)
rPois   .          Reflect  .   (helmet unavailable)
rElec   .          Harm     .   (cloak unavailable)
rCorr   .          Rampage  .   (gloves unavailable)
Will    +....                   (boots unavailable)
Stlth   +++++.....              (no amulet)
HPRegen 0.10/turn               n - +4 ring of protection
MPRegen 0.13/turn               (no ring)

@: quick
A: very small, claws 1, fangs 3, see invisible, speed 1, shaggy fur 2, stealthy
paws, no weapons or thrown items, no armour, multi-lived
a: Renounce Religion


You were on level 10 of the Dungeon.
You worshipped Vehumet.
Vehumet was most pleased with you.
You visited 1 branch of the dungeon, and saw 11 of its levels.

You collected 306 gold pieces.

Inventory:

Jewellery
 g - an amulet of faith
 n - a +4 ring of protection (left paw)
Wands
 c - a wand of flame (4)
 e - a wand of digging (7)
 h - a wand of iceblast (6) (quivered)
 r - a wand of polymorph (6)
Scrolls
 a - a scroll of fog
 b - 3 scrolls of magic mapping
 f - 2 scrolls of immolation
 i - 5 scrolls of vulnerability
 j - a scroll of holy word
 l - 5 scrolls of blinking
 m - 7 scrolls of amnesia
 q - a scroll of enchant armour
 s - 3 scrolls of identify
Potions
 d - a potion of haste
 k - 2 potions of curing
 o - 6 potions of degeneration
 p - 2 potions of heal wounds
 t - 2 potions of attraction {unknown}
 u - a potion of berserk rage


   Skills:
 - Level 4.0 Fighting
 - Level 6.0 Dodging
 - Level 10.0 Stealth
 - Level 3.0 Unarmed Combat
 - Level 3.0 Spellcasting
 - Level 2.0 Conjurations
 + Level 6.9 Fire Magic
 - Level 2.0 Evocations


You had 6 spell levels left.
You knew the following spells:

 Your Spells              Type           Power      Damage    Failure   Level
a - Foxfire               Conj/Fire      48%        2x1d6     1%          1
b - Scorch                Fire           36%        2d7       1%          2
c - Ignite Poison         Fire/Tmut/Pois 7%         N/A       8%          3

Your spell library contained the following spells:

 Spells                   Type           Power      Damage    Failure   Level
 Animate Skeleton         Necr           2%         N/A       24%         1
 Pain                     Necr           4%         1d4       24%         1
 Vampiric Draining        Necr           1%         2d6       58%         3


Dungeon Overview and Level Annotations

Branches:
Dungeon (11/15)               Orc (0/2) D:10
 Temple: D:4-7         Lair: D:8-11

Altars:
Cheibriados
Elyvilon
Fedhas
Hepliaklqana
Okawaru
Ru
Trog
Uskayaw
Vehumet
The Shining One

Portals:
Trove: D:11 (give 5 potions of resistance)

Annotations:
D:1 Terence
D:3 1 runed translucent door
D:7 1 runed translucent door, Crazy Yiuf
D:9 Psyche


Innate Abilities, Weirdness & Mutations

You have sharp claws.
You have razor-sharp teeth.
You have supernaturally acute eyesight. (SInv)
You cover ground quickly. (Speed+)
You are covered in thick fur. (AC +2)
Your paws help you pounce on unaware monsters.
You are incapable of wielding weapons or throwing items.
You cannot wear armour.
You gain extra lives every three experience levels.


Message History

The two-headed ogre's fire resistance burns away.
The two-headed ogre hits you with a +0 giant club!
The two-headed ogre misses you.
The two-headed ogre is no longer more vulnerable to fire.
Casting: Scorch (safe; 1% risk of failure)
Confirm with . or Enter, or press ? or * to list all spells.
Flames lash the two-headed ogre.
The two-headed ogre is moderately wounded.
The two-headed ogre's fire resistance burns away.
The two-headed ogre is no longer more vulnerable to fire.
Casting: Scorch (safe; 1% risk of failure)
Confirm with . or Enter, or press ? or * to list all spells.
Flames lash the two-headed ogre.
The two-headed ogre is moderately wounded.
The two-headed ogre's fire resistance burns away.
The two-headed ogre misses you.
The two-headed ogre hits you with a +0 giant club!
The two-headed ogre is no longer more vulnerable to fire.
Casting: Scorch (safe; 1% risk of failure)
Confirm with . or Enter, or press ? or * to list all spells.
Flames lash the two-headed ogre.
The two-headed ogre is heavily wounded.
The two-headed ogre's fire resistance burns away.
Aiming: Iceblast
Press: ? - help, Q - select action, (/) - cycle Shift-Dir - straight line, f - two-headed ogre
Aim: a two-headed ogre, wielding two +0 giant clubs (moderately wounded, more vulnerable to fire)
The mass of ice explodes!
The iceblast engulfs the two-headed ogre!
The two-headed ogre is heavily wounded.
The two-headed ogre is no longer more vulnerable to fire.
You see here a +2 vorpal falchion.
Casting: Scorch (safe; 1% risk of failure)
Confirm with . or Enter, or press ? or * to list all spells.
Flames lash the two-headed ogre.
The two-headed ogre is heavily wounded.
The two-headed ogre's fire resistance burns away.
The two-headed ogre barely misses you.
The two-headed ogre hits you with a +0 giant club!!
Ouch! That really hurt!
You die...

≈♣...♣##.........
≈8._..'..........
≈♣...♣#....###### ##
≈≈♣ ##....#....+
#.########.....#....#
#..............#....#
#...........#'##....#
#...........#.......#
#...@.......#.......#
#...O).######.......#
#......#.............
#......#.............
#......#......(......
#......#.............
#####..+.............
#..#....##+#####.
#..#....# .


You could see a two-headed ogre (combustible).

Vanquished Creatures
  Sigmund (D:3)
  2 shadows
  A water moccasin (D:7)
  A black bear (D:5)
  A sky beast (D:7)
  2 ogres (D:5)
  The ghost of HallandMoats the Skirmisher, an amateur DsFi of Makhleb (D:3)
  2 bullfrogs (D:9)
  A scorpion (D:3)
  2 water moccasin skeletons
  A wight (D:8)
  A howler monkey (D:4)
  2 centaur zombies
  2 orc priests
  2 hounds
  2 iguanas
  An iron imp (D:6)
  Jessica (D:2)
  An orc wizard (D:10)
  A gnoll shaman (D:5)
  Robin (D:2)
  7 adders
  3 gnolls
  2 howler monkey skeletons (D:5)
  A river rat (D:3)
  An ufetubus (D:4)
  An adder skeleton (D:5)
  6 worms
  2 dart slugs (D:4)
  22 orcs
  4 endoplasms
  5 giant cockroaches
  14 goblins
  11 hobgoblins
  5 jackals
  16 kobolds
  5 quokkas
  6 ball pythons
  5 bats
  3 frilled lizards (D:3)
  5 rats
  A foxfire (D:8)
154 creatures vanquished.

Vanquished Creatures (others)
  210 foxfires
  2 plants (D:6)
212 creatures vanquished.

Grand Total: 366 creatures vanquished

Notes
Turn   | Place    | Note
-------+----------+-------------------------------------------
     0 | D:5      | enile the Felid Delver began the quest for the Orb.
     0 | D:5      | Reached XP level 1. HP: 10/10 MP: 2/2
    14 | D:5      | Noticed a black bear
   135 | D:5      | Reached XP level 2. HP: 8/14 MP: 3/3
   301 | D:5      | Reached skill level 7 in Stealth
   381 | D:5      | Identified the +1 leather armour of Responsibility {rC++
                  | Int+3}
   393 | D:4      | Noticed a water moccasin
   424 | D:4      | Noticed a scorpion
   428 | D:4      | Reached XP level 3. HP: 17/17 MP: 4/4
   454 | D:3      | Found a radiant altar of Vehumet.
   485 | D:3      | Noticed Sigmund
   493 | D:3      | Became a worshipper of Vehumet
   546 | D:3      | Found a white marble altar of Elyvilon.
  1397 | D:2      | Noticed Terence
  1403 | D:2      | Reached skill level 8 in Stealth
  1483 | D:2      | Found a hazy altar of Hepliaklqana.
  1485 | D:2      | Noticed Jessica
  1530 | D:1      | Found a faded altar of an unknown god.
  1872 | D:1      | Reached XP level 4. HP: 21/21 MP: 5/5
  2119 | D:1      | Reached * piety under Vehumet
  2119 | D:1      | Offered knowledge of Foxfire by Vehumet.
  2331 | D:1      | Learned a level 1 spell: Foxfire
  2550 | D:2      | Killed Jessica
  2611 | D:2      | Identified the +2 helmet of the Curious Runes {rElec rPois
                  | rC+ Will-}
  2611 | D:2      | Noticed Robin
  3029 | D:2      | Killed Robin
  3030 | D:2      | Reached skill level 1 in Fire Magic
  3030 | D:2      | Reached XP level 5. HP: 23/24 MP: 3/6
  4336 | D:3      | Killed Sigmund
  4337 | D:3      | Reached skill level 1 in Spellcasting
  4337 | D:3      | Gained mutation: You are covered in thick fur. (AC +2)
                  | [Felid growth]
  4337 | D:3      | Reached XP level 6. HP: 15/28 MP: 6/8
  4532 | D:3      | Found a runed translucent door.
  4535 | D:3      | Noticed HallandMoats's ghost (amateur DsFi)
  4751 | D:3      | Killed HallandMoats's ghost
  5084 | D:3      | Reached skill level 9 in Stealth
  5300 | D:3      | Found a runed translucent door.
  5588 | D:4      | Offered knowledge of Scorch by Vehumet.
  5806 | D:3      | Reached XP level 7. HP: 14/31 MP: 9/11
  5809 | D:3      | Learned a level 2 spell: Scorch
  6036 | D:4      | Reached ** piety under Vehumet
  6071 | D:4      | Found a hide-covered altar of Uskayaw.
  6074 | D:4      | Found a bloodstained altar of Trog.
  6078 | D:4      | Found an iron altar of Okawaru.
  7237 | D:5      | Reached skill level 5 in Dodging
  7907 | D:5      | Found a blossoming altar of Fedhas.
  8004 | D:5      | Found a glowing golden altar of the Shining One.
  8436 | D:5      | Offered knowledge of Ignite Poison by Vehumet.
  8441 | D:5      | Reached XP level 8. HP: 36/36 MP: 6/13
  9036 | D:6      | Found a sacrificial altar of Ru.
  9060 | D:6      | Found a snail-covered altar of Cheibriados.
  9466 | D:6      | Reached skill level 5 in Fire Magic
  9470 | D:6      | Learned a level 3 spell: Ignite Poison
  9614 | D:5      | Reached skill level 10 in Stealth
  9614 | D:5      | Reached skill level 1 in Conjurations
 10218 | D:7      | Found a runed translucent door.
 10219 | D:7      | Noticed Crazy Yiuf
 10283 | D:7      | Noticed a manticore
 10306 | D:8      | Asphyxiated
 10307 | D:8      | Reached XP level 7. HP: 0/32 MP: 12/12
 10381 | D:8      | Reached *** piety under Vehumet
 10385 | D:8      | HP: 1/31 [wight (11)]
 10392 | D:9      | Noticed Psyche
 10810 | D:9      | Reached XP level 8. HP: 35/36 MP: 13/13
 11093 | D:10     | Entered Level 10 of the Dungeon
 11361 | D:10     | Found a staircase to the Orcish Mines.
 11398 | D:10     | Found a hazy altar of Hepliaklqana.
 11477 | D:11     | Noticed a tengu warrior
 11478 | D:11     | Noticed a tengu warrior
 11489 | D:11     | Slain by a centaur warrior zombie
 11490 | D:11     | Reached XP level 7. HP: -4/30 MP: 12/12
 11629 | D:11     | Found a portal to a secret trove of treasure.
 11644 | D:11     | Noticed a komodo dragon
 11666 | D:11     | HP: 1/32 [komodo dragon (11)]
 12180 | D:10     | Noticed a two-headed ogre
 12235 | D:10     | Mangled by a two-headed ogre

Illustrated notes

Levels and vault maps discovered:
D:1:      dpeg_arrival_snail, layout_basic, chequers_ecumenical_altar_island
D:2:      layout_loops_ring, basic_altar, uniq_terence, uniq_jessica, uniq_robin
D:3:      wad_river_or_something, layout_loops_ring, vehumet_crystals,
          elyvilon_altar_4, ebering_ghost_sewer_f, uniq_sigmund
D:4:      layout_rooms, grunt_temple_overflow_diamond
D:5:      layout_loops_ring, fedhas_altar_3, tso_altar,
          chequers_serial_rivers_marsh, hangedman_decor_lopped
D:6:      layout_rooms, slow_altar_2, nicolae_ru_the_path_less_chosen
D:7:      layout_basic, minmay_temple_entry_hall, minmay_manual_mail,
          uniq_crazy_yiuf_cottage
D:8:      layout_basic, serial_shops, nicolae_shop_stone, uniq_joseph
D:9:      layout_basic, pdpol_temple_overflow_zin_treasury_gozag_greed,
          minivault_19, minmay_hollow_rounded_squares, uniq_gastronok,
          uniq_psyche
D:10:     layout_irregular_city, worldfamousw_hep_ancestral_shrine, orc_0_dummy,
          chequers_serial_rivers_micro_b, uniq_josephine
D:11:     layout_roguey, lair_entry_dummy, enter_trove_3,
          nicolae_specific_store, minmay_misc_feat_four_crosses

Skill      XL: |  1  2  3  4  5  6  7  8 |
---------------+-------------------------+-----
Dodging        | 3 4 5 6 |  6.0
Stealth        | 7 8 9 10 | 10.0
Unarmed Combat | 3 |  3.0
Fire Magic     | 1 3 4 6 |  6.9
Evocations     | 2 |  2.0
Spellcasting   | 1 2 3 |  3.0
Fighting       | 4 |  4.0
Conjurations   | 2 |  2.0

Action                   |  1- 3 |  4- 6 |  7- 9 || total
-------------------------+-------+-------+-------++-------
Melee: Unarmed           |    98 |   160 |    81 ||   339
       Bite              |    11 |    17 |     7 ||    35
       Punch             |     1 |     5 |     2 ||     8
 Cast: Foxfire           |       |    67 |    55 ||   122
       Scorch            |       |       |   115 ||   115
Evoke: Wand              |       |    18 |    13 ||    31
  Use: Scroll            |     6 |     2 |     7 ||    15
       Potion            |       |       |     6 ||     6
 Stab: Distracted        |     1 |     1 |       ||     2
       Sleeping          |    10 |     4 |     3 ||    17
Armor: Skin              |     5 |    33 |    44 ||    82
Dodge: Dodged            |    57 |   208 |   269 ||   534

Table legend: (Time is in decaauts)
 A = Elapsed time spent in this place.
 B = Non-inter-level travel time spent in this place.
 C = Inter-level travel time spent in this place.
 D = Time resting spent in this place.
 E = Time spent auto-exploring this place.
 F = Levels seen in this place.
 G = Mean time per level.
                   A        B        C        D        E       F      G
               +--------+--------+--------+--------+--------+-----+--------+
         Total |  11132 |  10881 |    251 |   2594 |   5481 |  11 | 1012.0 |
       Dungeon |  11132 |  10881 |    251 |   2594 |   5481 |  11 | 1012.0 |
               +--------+--------+--------+--------+--------+-----+--------+

Top non-repeatable levels by time:
     D:3: 2356 daAuts
     D:5: 1978 daAuts
     D:2: 1465 daAuts
     D:1: 1453 daAuts
     D:4: 1187 daAuts
    D:10: 872 daAuts
     D:6: 714 daAuts
     D:9: 655 daAuts
     D:7: 182 daAuts
    D:11: 168 daAuts
     D:8: 98 daAuts
